 Dungeon Crawl Stone Soup version 0.16-a0-691-g21e4870 (webtiles) character file.

110 RobertPalmer the Covert (level 4, 0/29 HPs)
             Began as an Octopode Assassin on Sept 19, 2014.
             Slain by an orc wizard
             ... wielding a +0 dagger
              (1 damage)
             ... on Level 3 of the Dungeon.
             The game lasted 00:04:37 (2679 turns).

RobertPalmer the Covert (Octopode Assassin)         Turns: 2679, Time: 00:04:37

HP   0/29        AC  1     Str 10      XL: 4   Next: 91%
MP   4/4         EV 11     Int 13      God:
Gold 87          SH  0     Dex 11 (14) Spells:  0 memorised,  3 levels left

rFire  . . .     SeeInvis .     a - +2 dagger
rCold  . . .     Clarity  .     (no shield)
rNeg   . . .     rCorr    .     (helmet restricted)
rPois  .         rRot     .     (no amulet)
rElec  .         Spirit   .     (no ring)
SustAb .         Warding  .     (no ring)
rMut   .         Stasis   .     (no ring)
Gourm  .                        (no ring)
MR     .....                    (no ring)
                                (no ring)
                                (no ring)
                                (no ring)

@: lethally poisoned, not resistant to hostile enchantments, quite stealthy
A: almost no armour, amphibious, 8 rings, constrict 8, camouflage 1, gelatinous
body 1
a: no special abilities


You were on level 3 of the Dungeon.
You were not hungry.

You visited 1 branch of the dungeon, and saw 3 of its levels.

You collected 87 gold pieces.


Innate Abilities, Weirdness & Mutations

You cannot wear most types of armour.
You are amphibious.
You can wear up to eight rings at the same time.
You can use your tentacles to constrict many enemies at once.
Your skin changes colour to match your surroundings (Stealth).
Your rubbery body absorbs attacks (AC +1).


   Skills:
 - Level 2.0 Fighting
 - Level 2.0 Short Blades
 - Level 2.0 Throwing
 - Level 1.0 Dodging
 + Level 8.4 Stealth


You had 3 spell levels left.
You didn't know any spells.

Inventory:

Hand weapons
 a - a +2 dagger (weapon)
 b - a +0 blowgun
Missiles
 e - 8 poisoned needles
 f - 2 curare-tipped needles
Comestibles
 g - a bread ration
 h - a slice of pizza
 i - a meat ration
 m - a beef jerky
 q - a chunk of giant gecko flesh {@*1}
Scrolls
 d - 2 scrolls of remove curse
 k - a scroll of enchant armour {unknown}
 s - a scroll of magic mapping {unknown}
Potions
 c - a potion of beneficial mutation {unknown}
 j - a potion of brilliance {unknown}
 l - a potion of curing {unknown}
 n - a potion of invisibility {unknown}
 o - 4 potions of degeneration {!q}
 p - a potion of haste {unknown}

Dungeon Overview and Level Annotations

Branches:
Dungeon (3/15)

Altars:
Cheibriados
Xom

#..#............. ..
#..##.#.##.......
##.#+#...#.#.##.......
........#.#....+.......
.......#.#...##.......
.......#.....##......#
##+#.#.##....##......#
#.###.#.#o##............#
#......o@................
#W#.###.#####...#####.#.#
.ยง. ....# #.#.# ###.
##..# #.#.# #. ###..#
#.#.# .. .....># #.#.# ..
....######.#.# ..
...##.......# .. .
#..##.###...#


You could see a phantom, an orc wizard and an orc.


Message History

The orc wizard shouts!
The orc shouts!
The phantom blinks!
The orc wizard hits you with a dagger. The orc hits you with a hand axe.
The orc wizard casts a spell at you. The magic dart hits you!
Read which item? (? for menu, Esc to quit)
As you read the scroll labeled KHUTAR ILABOAS, it crumbles to dust.
You feel blessed for a moment.
It was a scroll of remove curse.
The orc wizard hits you with a dagger.
* * * LOW HITPOINT WARNING * * *
The orc wizard casts a spell at you. The magic dart hits you!
* * * LOW HITPOINT WARNING * * *
The orc hits you but does no damage.
Drink which item? (? for menu, Esc to quit)
There was something very wrong with that liquid!
You feel clumsy.
It was a potion of degeneration.
The orc wizard casts a spell.
You feel troubled.
The orc wizard gestures wildly while chanting.
The orc wizard blinks!
The orc hits you with a hand axe.
* * * LOW HITPOINT WARNING * * *
Drink which item? (? for menu, Esc to quit)
That liquid tasted very nasty...
You are lethally poisoned!
It was a potion of poison.
* * * LOW HITPOINT WARNING * * *
You feel sick. The orc wizard hits you with a dagger.
You die...

Action                   |  1- 3 |  4- 6 || total
-------------------------+-------+-------++-------
Melee: Dagger            |    56 |    40 ||    96
       Whip              |    22 |       ||    22
 Fire: Blowgun           |       |     2 ||     2
  Use: Potion            |       |     2 ||     2
       Scroll            |       |     1 ||     1
 Stab: Sleeping          |    12 |     8 ||    20
  Eat: Chunk             |     3 |     2 ||     5

Vault maps used:
D:1:      onia_arrival_pyramid, dk_noncrumbling_4
D:2:      minmay_bad_closet
D:3:      tso_metal_star, grunt_temple_overflow_open, elyvilon_altar_4

Notes
Turn   | Place    | Note
--------------------------------------------------------------
     0 | D:1      | RobertPalmer, the Octopode Assassin, began the quest for the Orb.
     0 | D:1      | Reached XP level 1. HP: 14/14 MP: 1/1
   125 | D:1      | Reached XP level 2. HP: 19/19 MP: 2/2
   195 | D:1      | Reached skill level 6 in Stealth
   408 | D:1      | HP: 1/19 [jackal (1)]
   876 | D:1      | Reached XP level 3. HP: 24/24 MP: 3/3
  1316 | D:2      | Reached skill level 7 in Stealth
  1806 | D:2      | Reached XP level 4. HP: 29/29 MP: 4/4
  2382 | D:2      | Reached skill level 8 in Stealth
  2478 | D:3      | Found a shimmering altar of Xom.
  2481 | D:3      | Found a snail-covered altar of Cheibriados.
  2675 | D:3      | Noticed a phantom
  2679 | D:3      | HP: 1/29 [poison (a potion of poison)]
  2679 | D:3      | Slain by an orc wizard

Vanquished Creatures
  4 adders
  2 worms (D:2)
  2 giant geckos (D:3)
  An ooze (D:1)
  An orc (D:3)
  2 ball pythons
  2 giant cockroaches (D:1)
  6 goblins
  7 hobgoblins
  8 jackals
  8 kobolds
  7 bats
  8 rats
58 creatures vanquished.
